 Dungeon Crawl Stone Soup version 0.21.1-1-g345015fe64 (webtiles) character file.

74 Jens78 the Insei (level 4, -5/28 HPs)
             Began as an Octopode Transmuter on June 6, 2018.
             Slain by Grinder (6 damage)
             ... while paralysed by Grinder
             ... on level 3 of the Dungeon.
             The game lasted 00:17:05 (2622 turns).

Jens78 the Insei (Octopode Transmuter)              Turns: 2622, Time: 00:17:05

Health: -5/28      AC:  1    Str:  9    XL:     4   Next: 28%
Magic:  1/7        EV:  2    Int: 15    God:
Gold:   108        SH:  0    Dex: 13    Spells: 2/8 levels left

rFire    . . .     SeeInvis .   i - +0 dagger (speed)
rCold    . . .     Gourm    .   (no shield)
rNeg     . . .     Faith    .   (helmet restricted)
rPois    .         Spirit   .   (no amulet)
rElec    .         Reflect  .   (no ring)
rCorr    .         Harm     .   (no ring)
MR       .....                  (no ring)
Stlth    ++........             (no ring)
HPRegen  0.09/turn              (no ring)
MPRegen  0.10/turn              (no ring)
                                (no ring)
                                (no ring)

@: paralysed, very slightly contaminated
A: almost no armour, stealthy swim, amphibious, 8 rings, constrict 8, camouflage
1, gelatinous body 1
a: no special abilities


You were on level 3 of the Dungeon.
You were not hungry.

You visited 1 branch of the dungeon, and saw 4 of its levels.

You collected 108 gold pieces.

Inventory:

Hand Weapons
 i - a +0 dagger of speed (weapon)
Missiles
 a - 27 arrows
 d - 54 stones (quivered)
 k - 22 sling bullets
Scrolls
 g - a scroll of teleportation {unknown}
 j - a scroll of identify {unknown}
 o - a scroll of enchant armour {unknown}
Potions
 e - a potion of agility {unknown}
 f - a potion of cancellation {unknown}
 h - 3 potions of curing {unknown}
 m - 2 potions of might {unknown}
 n - a potion of invisibility {unknown}
Books
 b - a book of Changes

   Spells                             Type                      Level
   a - Beastly Appendage              Transmutation                1
   b - Sticks to Snakes               Transmutation                2
   c - Spider Form                    Transmutation/Poison         3
   d - Ice Form                       Ice/Transmutation            4
   e - Blade Hands                    Transmutation                5
Comestibles
 c - 3 rations


   Skills:
 + Level 1.2 Fighting
 + Level 2.2 Dodging
 + Level 3.9 Unarmed Combat
 + Level 2.5 Spellcasting
 * Level 2.4 Transmutations
 * Level 1.3 Poison Magic


You had 2 spell levels left.
You knew the following spells:

 Your Spells              Type           Power        Failure   Level  Hunger
a - Beastly Appendage     Tmut           #.....       8%          1    #......
b - Sticks to Snakes      Tmut           #.......     12%         2    ###....
c - Spider Form           Tmut/Pois      #.........   28%         3    ###....


Dungeon Overview and Level Annotations

Branches:
Dungeon (4/15)
 Temple: D:4-7

Altars:

Annotations:
D:3 Grinder


Innate Abilities, Weirdness & Mutations

You cannot wear most types of armour.
You are very stealthy in the water. (Stealth+)
You are amphibious.
You can wear up to eight rings at the same time.
You can use your tentacles to constrict eight enemies at once.
Your skin changes colour to match your surroundings (Stealth+).
Your rubbery body absorbs attacks. (AC +1, EV +1)


Message History

You miscast Beastly Appendage.
You are very lightly contaminated with residual magic.
Nothing appears to happen.
Grinder misses you.
Your ball python closely misses Grinder. x2
You barely miss Grinder. You grab Grinder.
You constrict Grinder, but do no damage.
Your ball python bites Grinder but does no damage.
Grinder gestures at you.
You suddenly lose the ability to move!
You lose your grip on Grinder.
Your ball python bites Grinder.
Your ball python grabs Grinder.
Your ball python constricts Grinder.
Grinder hits you!
You writhe in agony.
* * * LOW HITPOINT WARNING * * *
Your ball python bites Grinder but does no damage.
Your ball python constricts Grinder.
Grinder hits you.
* * * LOW HITPOINT WARNING * * *
You writhe in agony.
* * * LOW HITPOINT WARNING * * *
Your ball python barely misses Grinder.
Your ball python constricts Grinder.
Grinder hits you.
You die...

### .. .. #. ..
.#.###.########## ##.##
....o..oS.......# #...#
.#.###.###.#.##.# #...#
#....o5S#.##.# #...#
.....###@#..#.## #...###
###.#####.......#
#..<... ..
#.......#..####...### ..
#.##.................
... ..
#.##...>.>.......<
........##.#............
..#####.##.##.###.......
# #.......# #....#.#
####.#### #....#.#


You could see Grinder, an orc and a friendly ball python.

Vanquished Creatures
  2 oozes
  A worm (D:3)
  4 dart slugs
  A leopard gecko (D:2)
  3 orcs
  2 giant cockroaches (D:1)
  5 goblins
  8 hobgoblins
  9 kobolds
  2 quokkas (D:2)
  5 bats
  2 frilled lizards (D:2)
  3 rats (D:1)
  2 plants (D:2)
49 creatures vanquished.

Notes
Turn   | Place    | Note
-------+----------+-------------------------------------------
     0 | D:1      | Jens78 the Octopode Transmuter began the quest for the Orb.
     0 | D:1      | Reached XP level 1. HP: 13/13 MP: 3/3
   114 | D:1      | Reached XP level 2. HP: 10/18 MP: 3/5
   600 | D:1      | Reached XP level 3. HP: 14/23 MP: 4/6
   869 | D:1      | Learned a level 2 spell: Sticks to Snakes
   873 | D:1      | Learned a level 3 spell: Spider Form
  1967 | D:2      | Reached skill level 1 in Poison Magic
  1967 | D:2      | Reached XP level 4. HP: 17/28 MP: 5/7
  2604 | D:3      | Noticed Grinder
  2604 | D:3      | Paralysed by Grinder for 5 turns
  2619 | D:3      | Paralysed by Grinder for 4 turns
  2621 | D:3      | HP: 1/28 [Grinder (5)]
  2622 | D:3      | Slain by Grinder

Skill      XL: |  1  2  3 |
---------------+----------+-----
Poison Magic   | 1 |  1.3
Fighting       | |  1.2
Dodging        | |  2.2
Unarmed Combat | |  3.9
Spellcasting   | |  2.5
Transmutations | |  2.4

Action                   |  1- 3 |  4- 6 || total
-------------------------+-------+-------++-------
Melee: Unarmed           |    68 |       ||    68
       Constrict         |    26 |     5 ||    31
       Tentacles         |    45 |     2 ||    47
       Kick              |    19 |     4 ||    23
       Dagger            |   116 |    15 ||   131
       Punch             |     8 |     1 ||     9
Throw: Stone             |     8 |       ||     8
 Cast: Beastly Appendage |    18 |     6 ||    24
       Sticks to Snakes  |       |     5 ||     5
 Stab: Sleeping          |     1 |     1 ||     2
  Eat: Chunk             |     4 |     2 ||     6
Armor: Skin              |     4 |       ||     4
Dodge: Dodged            |    51 |     8 ||    59
